 Dungeon Crawl Stone Soup version 0.29.0-4-gdea44cf6ec (webtiles) character file.

Game seed: 16251443501638515002

125 qw the Chopper (level 5, -12/30 HPs)
             Began as a Tengu Warper on Aug 29, 2022.
             Mangled by an ogre
             ... wielding a +0 giant spiked club
              (21 damage)
             ... on level 4 of the Dungeon.
             The game lasted 00:01:12 (3946 turns).

qw the Chopper (Tengu Warper)                       Turns: 3946, Time: 00:01:13

Health: -12/30     AC:  8    Str: 13    XL:     5   Next: 9%
Magic:  9/9        EV:  7    Int: 14    God:
Gold:   230        SH:  0    Dex: 13    Spells: 8/8 levels left

rFire   . . .      SeeInvis .   Y - +0 war axe (venom)
rCold   . . .      Faith    .   (no shield)
rNeg    . . .      Spirit   .   g - +0 chain mail
rPois   .          Reflect  .   (helmet restricted)
rElec   .          Harm     .   (no cloak)
rCorr   .          Rampage  .   (no gloves)
Will    .....                   (boots unavailable)
Stlth   ..........              (no amulet)
HPRegen 0.10/turn               (no ring)
MPRegen 0.11/turn               (no ring)

@: flying quickly and evasively, quick
A: beak, talons 3, nimble flight
a: no special abilities


You were on level 4 of the Dungeon.
You visited 1 branch of the dungeon, and saw 4 of its levels.

You collected 230 gold pieces.


Innate Abilities, Weirdness & Mutations

You have a beak for a mouth.
You have claws for feet.
Your magical nature lets you fly swiftly and evasively.


   Skills:
 - Level 2.0 Fighting
 + Level 5.6 Axes
 - Level 1.0 Throwing
 - Level 1.1 Armour
 - Level 2.1 Dodging
 - Level 2.0 Spellcasting
 - Level 2.4 Translocations


You had 8 spell levels left.
You didn't know any spells.
Your spell library contained the following spells:

 Spells                   Type           Power      Damage    Failure   Level
 Blink                    Tloc           16%        N/A       99%         2
 Gell's Gravitas          Tloc           8%         N/A       100%        3
 Lesser Beckoning         Tloc           8%         N/A       100%        3
 Teleport Other           Tloc           8%         N/A       100%        3
 Manifold Assault         Tloc           8%         N/A       100%        5

Inventory:

Hand Weapons
 a - a +0 hammer
 Y - a +0 war axe of venom (weapon)
Armour
 g - a +0 chain mail (worn)
 h - a +0 pair of gloves
Scrolls
 k - 3 scrolls of enchant armour
 m - a scroll of identify
Potions
 b - a potion of heal wounds
 c - a potion of attraction {unknown}
 d - 2 potions of curing
 e - a potion of haste {unknown}
 f - a potion of degeneration {unknown}
 j - a potion of berserk rage {unknown}
 l - a potion of might

Dungeon Overview and Level Annotations

Branches:
Dungeon (4/15)
 Temple: D:4-7

Altars:
Trog

Shops:
D:1 *

Annotations:
D:2 1 runed translucent door, Crazy Yiuf


Message History

Done exploring.
(D) Dungeon
Where to? (* - list waypoints, Enter - D:3, ? - help)
What level of the Dungeon? (default 1, ? - help)
There is a stone staircase leading down here.
You fly downwards.
There is a stone staircase leading up here.
Existing waypoints: (1) D:3 (2) D:2 Assign waypoint to what number? (0-9, D - delete waypoint) Waypoint 2 re-assigned from D:2 to D:4.
Enter note: You now have 191 gold pieces (gained 12).
You now have 196 gold pieces (gained 5).
You now have 207 gold pieces (gained 11).
You feel your willpower return.
h - a +0 pair of gloves
Enter note:
Found an escape hatch in the ceiling.
Found a stone staircase leading up.
There is an escape hatch in the ceiling here.
You now have 217 gold pieces (gained 10).
Found a robe.
d - 2 potions of curing (gained 1)
You now have 230 gold pieces (gained 13).
An ogre comes into view. It is wielding a +0 giant spiked club.
The ogre shouts!
You slash the ogre! You peck the ogre.
The ogre is moderately wounded.
The ogre hits you with a +0 giant spiked club!
Ouch! That really hurt!
You barely miss the ogre. You claw the ogre. You peck the ogre.
The ogre is severely wounded.
The ogre hits you with a +0 giant spiked club.
You closely miss the ogre. You claw the ogre.
You peck the ogre, but do no damage.
The ogre is severely wounded.
The ogre hits you with a +0 giant spiked club!!
Ouch! That really hurt!
You die...

... ### ..... #..
#####.#.# #######.#
#...#.#.# #........
#.#.#.#.# #.#####..
#. #.#.#.#.# #.# #..
#. #.#.#O#.####.#.#
##.
#.####.#[#@.......#.#
##
#.#..........###..#.#
#.#.##.###........#.#
#.#..#...........##.#
#.##.##############.#
#....<..............#
####.################
#.# #.#


You could see an ogre.

Vanquished Creatures
  5 adders
  2 dart slugs (D:2)
  10 orcs (D:3)
  7 endoplasms
  3 giant cockroaches
  4 goblins
  5 hobgoblins
  2 jackals (D:3)
  2 quokkas (D:1)
  5 ball pythons
  8 bats
  3 frilled lizards
  6 kobolds
  4 rats
66 creatures vanquished.

Vanquished Creatures (others)
  A fungus (D:2)
  A plant (D:2)
  5 toadstools (D:4)
7 creatures vanquished.

Grand Total: 73 creatures vanquished

Notes
Turn   | Place    | Note
-------+----------+-------------------------------------------
     0 | D:1      | qw the Tengu Warper began the quest for the Orb.
     0 | D:1      | Reached XP level 1. HP: 12/12 MP: 4/4
     0 | D:1      | 0 ||| qw: Version: 0.1-a-89-g26bdef1
     0 | D:1      | 0 ||| qw: Game counter: 3483
     0 | D:1      | 0 ||| qw: Always use a shield: true
     0 | D:1      | 0 ||| qw: God list: Okawaru
     0 | D:1      | 0 ||| qw: Allow faded altars: false
     0 | D:1      | 0 ||| qw: Do Orc after D:15 true
     0 | D:1      | 0 ||| qw: Do second Lair branch before Depths: true
     0 | D:1      | 0 ||| qw: Lair rune preference: random
     0 | D:1      | 0 ||| qw: Plans: Normal
     0 | D:1      | 0 ||| PLANNING D:1-11
   298 | D:1      | Found Efaasen's General Store.
   306 | D:1      | 306 ||| SHOPLISTING potion of heal wounds (50 gold, have
                  | 24).
   443 | D:1      | Reached XP level 2. HP: 17/17 MP: 6/6
   466 | D:1      | Reached skill level 3 in Axes
   712 | D:1      | 712 ||| Stepping ~*~*~tactically~*~*~ (stealth).
  1095 | D:1      | 1095 ||| UPGRADING to +0 chain mail.
  1105 | D:1      | 1105 ||| DROPPING +0 leather armour.
  1106 | D:1      | 1106 ||| READING scroll labelled VELOUSCH DONIS.
  1107 | D:1      | 1107 ||| READING 3 scrolls labelled JUUWUCS QATZACSOV.
  1108 | D:1      | 1108 ||| DRINKING 2 green potions.
  1109 | D:1      | 1109 ||| DROPPING scroll of blinking.
  1110 | D:1      | 1110 ||| DROPPING potion of flight.
  1308 | D:2      | Reached XP level 3. HP: 21/21 MP: 7/7
  1397 | D:2      | 1397 ||| Stepping ~*~*~tactically~*~*~ (stealth).
  1399 | D:2      | 1399 ||| Stepping ~*~*~tactically~*~*~ (hiding).
  1509 | D:2      | 1509 ||| FLEEEEING.
  1561 | D:2      | You fall into a shaft and drop 2 floors!
  1572 | D:4      | 1572 ||| READING scroll labelled GEMIWE JUSA.
  1576 | D:4      | 1576 ||| READING scroll labelled DAZIAF GAIT.
  1622 | D:3      | Reached skill level 4 in Axes
  1674 | D:3      | 1674 ||| Stepping ~*~*~tactically~*~*~ (stealth).
  1731 | D:3      | 1731 ||| Stepping ~*~*~tactically~*~*~ (stealth).
  1849 | D:3      | 1849 ||| Stepping ~*~*~tactically~*~*~ (stealth).
  1851 | D:3      | 1851 ||| Stepping ~*~*~tactically~*~*~ (hiding).
  1978 | D:3      | 1978 ||| READING scroll labelled WEZICO JORIU.
  1979 | D:3      | 1979 ||| DRINKING 2 cyan potions.
  2014 | D:2      | Found a runed translucent door.
  2015 | D:2      | Noticed Crazy Yiuf
  2050 | D:2      | 2050 ||| DROPPING +0 club.
  2142 | D:2      | Found a faded altar of an unknown god.
  2159 | D:2      | Reached XP level 4. HP: 21/26 MP: 8/8
  2772 | D:2      | 2772 ||| DRINKING 2 yellow potions.
  2884 | D:3      | Reached skill level 5 in Axes
  2954 | D:3      | 2954 ||| FLEEEEING.
  2955 | D:3      | 2955 ||| FLEEEEING.
  2956 | D:3      | 2956 ||| FLEEEEING.
  2957 | D:3      | 2957 ||| FLEEEEING.
  2958 | D:3      | 2958 ||| FLEEEEING.
  2959 | D:3      | 2959 ||| FLEEEEING.
  2960 | D:3      | 2960 ||| STAIRDANCE
  3065 | D:3      | 3065 ||| STAIRDANCE
  3242 | D:3      | 3242 ||| FLEEEEING.
  3243 | D:3      | 3243 ||| FLEEEEING.
  3256 | D:3      | 3256 ||| FLEEEEING.
  3257 | D:3      | 3257 ||| FLEEEEING.
  3258 | D:3      | 3258 ||| FLEEEEING.
  3259 | D:3      | 3259 ||| FLEEEEING.
  3260 | D:3      | 3260 ||| FLEEEEING.
  3261 | D:3      | 3261 ||| FLEEEEING.
  3262 | D:3      | 3262 ||| FLEEEEING.
  3263 | D:3      | 3263 ||| FLEEEEING.
  3264 | D:3      | 3264 ||| FLEEEEING.
  3265 | D:3      | 3265 ||| FLEEEEING.
  3266 | D:3      | 3266 ||| FLEEEEING.
  3267 | D:3      | 3267 ||| FLEEEEING.
  3268 | D:3      | 3268 ||| FLEEEEING.
  3269 | D:3      | 3269 ||| FLEEEEING.
  3270 | D:3      | 3270 ||| FLEEEEING.
  3271 | D:3      | 3271 ||| FLEEEEING.
  3272 | D:3      | 3272 ||| FLEEEEING.
  3274 | D:3      | 3274 ||| FLEEEEING.
  3276 | D:3      | 3276 ||| FLEEEEING.
  3277 | D:3      | 3277 ||| FLEEEEING.
  3278 | D:3      | 3278 ||| FLEEEEING.
  3280 | D:3      | 3280 ||| FLEEEEING.
  3281 | D:3      | 3281 ||| FLEEEEING.
  3282 | D:3      | 3282 ||| FLEEEEING.
  3284 | D:3      | 3284 ||| FLEEEEING.
  3285 | D:3      | 3285 ||| FLEEEEING.
  3286 | D:3      | 3286 ||| FLEEEEING.
  3287 | D:3      | 3287 ||| STAIRDANCE
  3475 | D:3      | 3475 ||| SWAPPING to +0 war axe of venom.
  3476 | D:3      | 3476 ||| DROPPING +1 hand axe.
  3571 | D:3      | Gained mutation: Your magical nature lets you fly swiftly
                  | and evasively. [Tengu growth]
  3571 | D:3      | Reached XP level 5. HP: 30/30 MP: 9/9
  3610 | D:3      | Found a bloodstained altar of Trog.
  3829 | D:3      | 3829 ||| READING scroll labelled JOOCICACSI.
  3938 | D:4      | Noticed an ogre
  3946 | D:4      | Mangled by an ogre

Levels and vault maps discovered:
D:1:      dpeg_arrival_tiny_c, layout_loops_corners, serial_shops,
          shop_fountains
D:2:      layout_basic, shapermc_ecumenical_altar_rom_forum, minivault_11,
          kennysheep_generic_room_7, uniq_crazy_yiuf_cottage
D:3:      layout_loops_cross, mainiacjoe_overflow_concentric_impassable
D:4:      layout_basic, nicolae_dithmenos_through_a_glass_darkly,
          grunt_ministairs_7, nrook_mini_vaults, minmay_gold_behind_fungi

Skill      XL: |  1  2  3  4 |
---------------+-------------+-----
Axes           | 3 4 5 |  5.6
Fighting       | |  2.0
Throwing       | |  1.0
Armour         | |  1.1
Dodging        | |  2.1
Spellcasting   | |  2.0
Translocations | |  2.4

Action                   |  1- 3 |  4- 6 || total
-------------------------+-------+-------++-------
Melee: Hand axe          |    96 |    46 ||   142
       Kick              |    21 |    10 ||    31
       Peck              |    13 |     7 ||    20
       Punch             |     1 |       ||     1
       War axe           |       |    13 ||    13
Throw: Boomerang         |     7 |       ||     7
  Use: Scroll            |     5 |     1 ||     6
       Potion            |     2 |     1 ||     3
Armor: Leather armour    |    13 |       ||    13
       Chain mail        |    33 |    24 ||    57
Dodge: Dodged            |    45 |    12 ||    57

Table legend:
 A = Non-vault XP
 B = Vault XP
 C = Vault XP percentage of total XP
 D = Non-vault monster count
 E = Vault monster count
 F = Vault count percentage of total count
                 A         B        C        D         E       F
            +---------+---------+-------+---------+---------+-------
      Total |     174 |       5 |   2.8 |      64 |       2 |   3.0
            +---------+---------+-------+---------+---------+-------
        D:1 |      27 |       0 |   0.0 |      16 |       0 |   0.0
        D:2 |      45 |       5 |  10.0 |      15 |       2 |  11.8
        D:3 |     100 |       0 |   0.0 |      32 |       0 |   0.0
        D:4 |       2 |       0 |   0.0 |       1 |       0 |   0.0
            +---------+---------+-------+---------+---------+-------
